Map: Tokamak LE

Players

ManlyManMeat

  • Race: Terran Terran
  • League: Master
  • Spawn Location: 1:00

answer - Winner!

  • Race: Protoss Protoss
  • League: Platinum
  • Spawn Location: 7:00

VOD

Have the link to the VOD?

Description

Time

  • Played on: June 13, 2025, 2:46 p.m.
  • Length: 7:29
Show
View Real Time Build Order
Export as new Build Order

ManlyManMeat Terran 

Build Orders:  

Get SALT Encoding   

  12  0:00  SCV  
  13  0:12  SCV  
  14  0:17  Supply Depot  
  14  0:24  SCV  
  15  0:39  Barracks, SCV  
  16  0:43  Refinery  
  16  0:51  SCV  
  17  1:03  SCV  
  18  1:15  SCV  
  19  1:27  SCV  
  19  1:29  Marine  
  21  1:32  Bunker  
  20  1:47  Marine  
  18  2:20  Supply Depot  
  16  2:36  Supply Depot  
  16  2:41  Marine  
  16  2:42  SCV  
  18  2:54  SCV  
  19  2:59  Barracks  
  19  3:02  Factory  
  19  3:06  Orbital Command  
  19  3:19  Barracks Tech Lab  
  19  3:34  SCV  
  20  3:48  Barracks Reactor  
  20  3:54  Reaper  
  21  3:58  Barracks  
  21  4:01  Cyclone  
  24  4:05  SCV  
  25  4:10  Supply Depot  
  25  4:26  Marine x2  
  27  4:44  Marine x2  
  32  4:49  Reaper  
  33  5:01  Siege Tank  
  33  5:02  Marine x2  
  33  5:06  Barracks  
  35  5:08  SCV  
  36  5:22  Command Center  
  36  5:38  Marine x2  
  39  5:42  SCV  
  39  5:45  Supply Depot  
  39  5:55  Marine x2  
  41  5:58  Marine  
  41  6:00  Siege Tank  
  43  6:13  Marine x2  
  43  6:17  Marine  
  46  6:19  SCV  
  47  6:31  SCV, Marine x2  
  50  6:42  Marine  
  51  6:48  Orbital Command  
  51  6:49  Marine  
  48  7:10  Marine  
  48  7:11  Marine  
Show
View Real Time Build Order
Export as new Build Order

answer Protoss - Winner!

Build Orders: Cannon Rush 

Get SALT Encoding   

  12  0:09  Pylon  
  12  0:10  Probe  
  13  0:18  Probe  
  14  0:34  Forge  
  14  0:42  Pylon  
  14  0:46  Probe  
  15  1:08  Photon Cannon  
  15  1:13  Photon Cannon  
  15  1:22  Pylon  
  15  1:40  Pylon  
  15  1:51  Photon Cannon  
  15  1:54  Photon Cannon  
  15  2:06  Photon Cannon  
  15  2:38  Probe  
  15  2:41  Gateway  
  15  2:43  Gateway  
  15  2:46  Probe  
  15  2:47  Assimilator  
  15  2:49  Assimilator  
  16  2:56  Probe  
  16  3:00  Pylon  
  17  3:08  Probe  
  18  3:20  Probe  
  19  3:29  Cybernetics Core  
  19  3:32  Probe  
  20  3:38  Warp Gate  
  20  3:42  Protoss Ground Weapons Level 1, Cybernetics Core  
  20  3:44  Probe  
  21  3:56  Probe  
  22  4:08  Probe  
  23  4:11  Adept  
  23  4:12  Adept  
  27  4:17  Shield Battery  
  27  4:26  Twilight Council  
  27  4:45  Adept x2  
  31  5:07  Dark Shrine  
  31  5:15  Adept x2  
  35  5:23  Pylon  
  33  6:18  Nexus  
  25  6:28  Dark Templar x2  
  25  6:32  Pylon  
  29  6:34  Gateway  
  29  6:37  Gateway  
  29  7:00  Dark Templar x2  
Tags
 
Add a new tag
Caveats
  • Supply blocks, unpowered buildings, or Contaminate may cause inaccurate times.
  • Supply counts are checked every 10 seconds.